 Dungeon Crawl Stone Soup version 0.22-a0-147-gfdd7f25 (webtiles) character file.

602 SnubMonkey the Slasher (level 7, -6/52 HPs)
             Began as a Demonspawn Berserker on Feb 6, 2018.
             Was a Priest of Trog.
             Killed by divine providence
             ... invoked by an orc priest
              (12 damage)
             ... on level 5 of the Dungeon.
             The game lasted 00:08:33 (5998 turns).

SnubMonkey the Slasher (Demonspawn Berserker)       Turns: 5998, Time: 00:08:33

Health: -6/52      AC:  7    Str: 20    XL:     7   Next: 18%
Magic:  7/7        EV: 11    Int:  8    God:    Trog [***...]
Gold:   288        SH:  0    Dex: 12    Spells: 6/6 levels left

rFire    . . .     SeeInvis .   a - +0 falchion
rCold    . . .     Gourm    .   (no shield)
rNeg     . . .     Faith    .   v - +0 ring mail
rPois    .         Spirit   .   (no helmet)
rElec    .         Reflect  .   (no cloak)
rCorr    .         Harm     .   (no gloves)
MR       .....                  (no boots)
Stlth    ++........             (no amulet)
HPRegen  0.17/turn              (no ring)
MPRegen  0.10/turn              (no ring)

@: berserk cooldown, slowed, drained, very slow
A: claws 1, molten scales 1, nightstalker 1
a: Berserk, Trog's Hand, Burn Spellbooks, Renounce Religion


You were on level 5 of the Dungeon.
You worshipped Trog.
Trog was most pleased with you.
You were very hungry.

You visited 2 branches of the dungeon, and saw 6 of its levels.

You collected 288 gold pieces.

Inventory:

Hand Weapons
 a - a +0 falchion (weapon)
 b - a +0 long sword
 l - a +2 dagger of electrocution
Armour
 j - a +0 shield
 v - a +0 ring mail (worn)
 w - a +0 pair of gloves
Jewellery
 d - an uncursed ring of stealth {unknown}
 p - an uncursed ring of protection from magic {unknown}
Wands
 t - a wand of iceblast (8)
Scrolls
 i - 2 scrolls of enchant weapon {unknown}
 k - 3 scrolls of teleportation
 m - a scroll of magic mapping {unknown}
 o - a scroll of amnesia {unknown}
 q - a scroll of blinking {unknown}
 r - 2 scrolls of fear
 x - a scroll of random uselessness {unknown}
Potions
 e - 3 potions of curing
 f - a potion of resistance {unknown}
 g - a potion of magic {unknown}
 h - a potion of berserk rage
 n - a potion of lignification {unknown}
 s - 4 potions of agility
Comestibles
 c - 6 rations
 u - 2 chunks of flesh


   Skills:
 - Level 3.0(2.3) Fighting
 + Level 7.6(6.8) Long Blades
 - Level 1.7(1.0) Armour
 - Level 1.7(1.0) Dodging


You had 6 spell levels left.
You didn't know any spells.

Dungeon Overview and Level Annotations

Branches:
Dungeon (5/15)             Temple (1/1) D:4

Altars:
Elyvilon
Gozag
Qazlal
Ru
Trog
Vehumet
Xom
Yredelemnul


Innate Abilities, Weirdness & Mutations

You have sharp fingernails.
You are partially covered in molten scales. (AC +2)
You are slightly more attuned to the shadows.


Message History

The orc hits you with a morningstar! The orc priest hits you with a flail!
* * * LOW HITPOINT WARNING * * *
The orc wizard barely misses you. The orc barely misses you.
You riposte.
Your ring mail prevents you from hitting the orc.
You closely miss the orc priest.
The orc priest is moderately wounded.
The orc priest mumbles some strange prayers to Beogh against you.
Beogh smites you!
* * * LOW HITPOINT WARNING * * *
The orc wizard hits you but does no damage.
The orc barely misses you. The orc priest hits you with a flail.
* * * LOW HITPOINT WARNING * * *
The orc wizard hits you but does no damage.
You slash the orc priest!
The orc priest is almost dead.
The orc wizard gestures wildly while chanting.
The orc wizard seems to speed up.
The orc misses you.
The orc priest calls down the wrath of Beogh upon you.
Beogh smites you!
You die...

##.######.###..##########.#
#. ##...# #.#
#.##...#...##.# #. ...#.#
#.# ###.........#.# #.
##..(#
#.####_...........#####.
#####
##....##.........#.......
#......##...#...#########
#.#####.######### #.#
#.#o###.# #.# #.#@o.....
#.# #.###o###.# #.##.# #.#
#.##. ## #


You could see an orc priest, an orc wizard and an orc.

Vanquished Creatures
  A phantom (D:4)
  An ogre (D:5)
  2 scorpions (D:5)
  A bullfrog skeleton (D:5)
  An iguana (D:5)
  2 orc wizards (D:5)
  6 gnolls
  9 adders
  A shadow imp (D:5)
  A worm (D:2)
  A dart slug (D:1)
  2 leopard geckos (D:1)
  8 orcs
  3 bats
  2 giant cockroaches
  8 goblins
  6 hobgoblins
  6 jackals
  6 kobolds
  2 quokkas
  A ball python (D:1)
  3 frilled lizards
  10 rats
83 creatures vanquished.

Notes
Turn   | Place    | Note
-------+----------+-------------------------------------------
     0 | D:1      | SnubMonkey the Demonspawn Berserker began the quest for the Orb.
     0 | D:1      | Reached XP level 1. HP: 18/18 MP: 1/1
   116 | D:1      | Reached skill level 3 in Long Blades
   228 | D:1      | Gained mutation: You are slightly more attuned to the shadows. [demonic ancestry]
   228 | D:1      | Reached XP level 2. HP: 21/24 MP: 2/2
  1004 | D:2      | Reached XP level 3. HP: 29/29 MP: 3/3
  1151 | D:2      | Reached skill level 4 in Long Blades
  1535 | D:2      | Gained mutation: You have sharp fingernails. [demonic ancestry]
  1535 | D:2      | Reached XP level 4. HP: 33/35 MP: 4/4
  1548 | D:2      | Reached ** piety under Trog
  2200 | D:2      | Reached skill level 5 in Long Blades
  2397 | D:2      | Found a stormy altar of Qazlal.
  2708 | D:3      | Found a shimmering altar of Xom.
  3162 | D:3      | Reached XP level 5. HP: 31/41 MP: 5/5
  3324 | D:3      | Found an opulent altar of Gozag.
  3698 | D:3      | Found a basalt altar of Yredelemnul.
  4235 | D:4      | Found a staircase to the Ecumenical Temple.
  4285 | D:4      | Noticed a phantom
  4306 | Temple   | Entered the Ecumenical Temple
  4540 | D:4      | Killed a phantom
  4540 | D:4      | Reached skill level 6 in Long Blades
  4624 | D:4      | Gained mutation: You are partially covered in molten scales. (AC +2) [demonic ancestry]
  4624 | D:4      | Reached XP level 6. HP: 44/47 MP: 6/6
  4872 | D:4      | Reached *** piety under Trog
  5098 | D:4      | Found a radiant altar of Vehumet.
  5247 | D:4      | Found a white marble altar of Elyvilon.
  5286 | D:5      | Entered Level 5 of the Dungeon
  5845 | D:5      | Reached skill level 7 in Long Blades
  5898 | D:5      | Found a bloodstained altar of Trog.
  5979 | D:5      | Reached XP level 7. HP: 52/52 MP: 7/7
  5998 | D:5      | Killed from afar by an orc priest

Vault maps used:
D:1:      nicolae_arrival_washed_ashore
D:2:      nicolae_overflow_hidden_temple
D:3:      lemuel_coloured_pillars_altar, overflow_temple_1_default,
          lemuel_doored_altar
D:4:      vehumet_crystals, kennysheep_mini_moat, minmay_temple_entry_trees,
          first_ration
D:5:      marbit_many_paths, gammafunk_temple_overflow_pools,
          grunt_ministairs_11
Temple:   eino_wide_crystal_templ

Skill      XL: |  1  2  3  4  5  6 |
---------------+-------------------+-----
Long Blades    | 3 4 5 6 7 |  7.6
Fighting       | |  3.0
Armour         | |  1.7
Dodging        | |  1.7

Action                   |  1- 3 |  4- 6 |  7- 9 || total
-------------------------+-------+-------+-------++-------
Melee: Falchion          |    82 |   165 |    18 ||   265
Invok: Berserk           |     2 |     9 |       ||    11
  Use: Scroll            |       |     6 |       ||     6
 Stab: Sleeping          |     3 |    11 |       ||    14
  Eat: Chunk             |     3 |    15 |       ||    18
       Ration            |       |     2 |       ||     2
Armor: Animal skin       |     7 |    22 |       ||    29
       Ring mail         |       |    12 |    10 ||    22
Dodge: Dodged            |    61 |    84 |    15 ||   160
       Rpst.: Falchion   |    19 |    27 |     4 ||    50

Table legend:
 A = Spawn XP
 B = Non-spawn XP
 C = Spawn XP percentage of total XP
 D = Spawn monster count
 E = Non-spawn monster count
 F = Spawn count percentage of total count
 G = Total turns spent on level
                    A         B        C        D         E        F      G
               +---------+---------+-------+---------+---------+-------+---------
         Total |       0 |     860 |   0.0 |       0 |      83 |   0.0 |  5998
               +---------+---------+-------+---------+---------+-------+---------
           D:1 |       0 |      30 |   0.0 |       0 |      15 |   0.0 |  1090
           D:2 |       0 |     132 |   0.0 |       0 |      27 |   0.0 |  1613
           D:3 |       0 |      75 |   0.0 |       0 |      20 |   0.0 |  1485
           D:4 |       0 |     191 |   0.0 |       0 |      10 |   0.0 |   882
           D:5 |       0 |     432 |   0.0 |       0 |      11 |   0.0 |   712
               +---------+---------+-------+---------+---------+-------+---------
